MapleLeafs vs Panthers

Created - 18 novembre 2018 at 21:19

Goals
1 2 3 OT1 T
MapleLeafs 0 0 1 1 2
Panthers 0 0 1 0 1
Shots
1 2 3 OT1 T
MapleLeafs 10 7 11 6 34
Panthers 6 10 13 2 31

1st period

No Goal

Penalties :
Leo Komarov (TOR) for Elbowing (Minor) at 0:19, Joel Armia (FLA) for Hooking (Minor) at 2:50, Alexander Kerfoot (FLA) for Delaying the game (Minor) at 15:10, Francois Beauchemin (FLA) for Interference (Minor) at 17:18

2nd period

No Goal

Penalties :
Leo Komarov (TOR) for Hooking (Minor) at 1:11, Radko Gudas (TOR) for Cross-checking (Minor) at 4:24, Brent Seabrook (TOR) for Roughing (Minor) at 13:35

3rd period

1. MapleLeafs , Nazem Kadri 4 (Patrick Marleau 9, Radko Gudas 1) at 9:31
2. Panthers , Blake Wheeler 6 (Francois Beauchemin 4) at 19:36

Penalties :
Radko Gudas (TOR) for Roughing (Minor) at 0:09, Leo Komarov (TOR) for Holding (Minor) at 9:48, Jacob Trouba (FLA) for Tripping (Minor) at 15:25

Overtime #1

3. MapleLeafs , Patrick Marleau 7 (Nazem Kadri 8, Brandon Montour 7) at 2:38

Penalties :
No Penalty

Goalie Stats

Marc-Andre Fleury (TOR), 30 saves from 31 shots - (0.968), W, 4-11-0, 62:39 minutes
Devan Dubnyk (FLA), 32 saves from 34 shots - (0.941), OTL, 4-6-5, 62:37 minutes

Players Stats for MapleLeafs

Player Name              G  A  P  +/- PIM S  H  SB GA TA FO     MP     PP MP  PK MP  
------------------------------------------------------------------------------------
Alex DeBrincat           0  0  0  -1  0   2  0  0  0  0  0/0    18:17   3:42   1:02 
Anthony Duclair          0  0  0   0  0   0  0  0  0  0  0/2     6:10   0:36   2:51 
Beau Bennett             0  0  0   0  0   2  1  0  0  0  3/3    13:15   0:36   0:00 
Brandon Montour          0  1  1   0  0   3  1  3  0  0  0/0    24:12   3:29   5:42 
Brent Seabrook           0  0  0   1  2   1  2  2  0  0  0/0    26:48   4:16   5:13 
Cal Clutterbuck          0  0  0   0  0   1  0  0  0  0  0/0    12:47   0:36   0:00 
Craig Smith              0  0  0   1  0   2  0  0  0  0  0/5    20:08   3:38   4:03 
Dmitry Kulikov           0  0  0   0  0   0  1  2  0  0  0/0    12:44   0:00   2:38 
Jason Demers             0  0  0   0  0   0  0  1  0  0  0/0    10:23   3:06   2:09 
Leo Komarov              0  0  0  -1  6   3  5  1  0  0  1/3    19:57   3:42   2:01 
Mikhail Sergachev        0  0  0   0  0   0  0  1  0  0  0/0     8:45   0:36   1:57 
Nazem Kadri              1  1  2   2  0   7  2  0  0  0  23/50  26:13   3:38   6:39 
Nolan Patrick            0  0  0  -1  0   1  2  0  0  0  7/23   17:15   3:42   0:00 
Patrick Marleau          1  1  2   2  0   9  2  1  0  0  0/1    24:19   3:38   6:58 
Peter Holland            0  0  0   0  0   1  0  0  0  0  6/13   12:25   0:00   0:14 
Radko Gudas              0  1  1   1  4   1  1  2  0  0  0/0    16:47   0:45   0:54 
Travis Hamonic           0  0  0  -1  0   0  1  2  0  0  0/0    22:49   3:40   5:15 
Zack Kassian             0  0  0   0  0   1  0  0  0  0  0/0     2:43   0:00   0:00 

Players Stats for Panthers

Player Name              G  A  P  +/- PIM S  H  SB GA TA FO     MP     PP MP  PK MP  
------------------------------------------------------------------------------------
Adam Henrique            0  0  0   0  0   1  0  0  0  0  6/9    12:05   0:00   2:50 
Alexander Kerfoot        0  0  0   0  2   0  1  0  0  0  0/1     9:26   0:04   0:08 
Andy Greene              0  0  0   1  0   0  2  3  0  0  0/0    12:18   0:00   0:57 
Blake Wheeler            1  0  1   0  0   3  1  0  0  0  0/1    22:42   6:55   0:00 
Charlie McAvoy           0  0  0   0  0   1  3  0  0  0  0/0    22:00   4:35   3:27 
Drew Doughty             0  0  0  -1  0   2  7  1  0  0  0/0    28:06   7:19   3:50 
Francois Beauchemin      0  1  1   1  2   0  3  1  0  0  0/0    11:50   0:00   0:30 
Jacob Trouba             0  0  0   0  2   3  0  0  0  0  0/0    21:19   4:35   2:47 
Joe Thornton             0  0  0  -1  0   2  2  0  0  0  17/25  16:35   4:55   0:00 
Joel Armia               0  0  0   0  2   1  1  0  0  0  0/0     8:08   0:04   1:58 
Logan Couture            0  0  0  -2  0   4  1  0  0  0  0/1    18:50   4:55   0:00 
Luke Glendening          0  0  0   0  0   1  0  0  0  0  11/20  10:26   0:00   4:19 
Matthew Tkachuk          0  0  0   1  0   2  0  0  0  0  1/2    18:21   6:55   0:00 
Nikolaj Ehlers           0  0  0   0  0   0  2  0  0  0  0/1    16:02   4:55   0:00 
Patrik Laine             0  0  0   0  0   2  1  0  0  0  0/1     9:19   0:04   0:00 
Pierre-Edouard Bellemare 0  0  0   0  0   0  0  0  0  0  0/0    10:52   0:00   4:45 
T.J. Brodie              0  0  0  -2  0   3  1  2  0  0  0/0    27:04   7:19   4:21 
Tyler Seguin             0  0  0   0  0   6  0  0  0  0  25/39  24:34   6:55   1:52 

3 Stars

1 - Patrick Marleau (TOR)
2 - Nazem Kadri (TOR)
3 - Marc-Andre Fleury (TOR)

Power Play

MapleLeafs - 0 on 4 Attempt(s) - 0.00%
Panthers - 0 on 6 Attempt(s) - 0.00%

Penalty Kill

MapleLeafs - 6 on 6 Attempt(s) - 100.00% - Score 0 goal in Penalty Kill
Panthers - 4 on 4 Attempt(s) - 100.00% - Score 0 goal in Penalty Kill

Team Stat

MapleLeafs - Hits : 18 - Faceoff Wins : 40 - Blocked Shots : 15 - Penalty Minutes : 12
Panthers - Hits : 25 - Faceoff Wins : 60 - Blocked Shots : 7 - Penalty Minutes : 8

Official

Referees : Francois StLaurent and Tom Chmielewski
Linesman : Brian Mach and Don Henderson

Game Notes

Jason Demers is injured at 5:07 of 2nd period (Lower Body)
Dmitry Kulikov is injured at 8:35 of 3rd period (Bruised Right Foot)

Finance

Level 1 -- Attendance: 6000 (100.00%) -- Ticket Income 660 000 $
Level 2 -- Attendance: 5000 (100.00%) -- Ticket Income 375 000 $
Level 3 -- Attendance: 3130 (89.43%) -- Ticket Income 156 500 $
Level 4 -- Attendance: 3041 (81.09%) -- Ticket Income 60 820 $
Luxury Box -- Attendance: 988 (98.80%) -- Ticket Income 202 540 $
Game was played at the BBT Center.
Total Attendance: 18159 (94.33%)
Total Ticket Income: 1 454 860 $
Other Income: 712 881 $
Total Income: 2 167 741 $

% Time on Ice - MapleLeafs

Lines # - Real PCT - Wanted PCT - Time Play
Normal Forward
1 - 29% - 38% - 11:43
2 - 34% - 32% - 13:33
3 - 30% - 20% - 12:11
4 - 7% - 10% - 2:43
Normal Defense
1 - 41% - 40% - 16:37
2 - 33% - 30% - 13:27
3 - 24% - 20% - 9:41
4 - 1% - 10% - 0:25
PP Forward
1 - 53% - 60% - 4:14
2 - 47% - 40% - 3:42
PP Defense
1 - 64% - 60% - 5:05
2 - 36% - 40% - 2:51
PK Forward
1 - 66% - 60% - 7:51
2 - 34% - 40% - 4:03
PK Defense
1 - 61% - 60% - 7:12
2 - 39% - 40% - 4:42
PK3 Forward
1 - 0% - 60%
2 - 0% - 40%
PK3 Defense
1 - 0% - 60%
2 - 0% - 40%
44 Forward
1 - 0% - 60%
2 - 0% - 40%
44 Defense
1 - 0% - 60%
2 - 0% - 40%
Last Minute Offensive  - 0:00
Last Minute Defensive  - 0:00
Total
Forward - 60:00
Defense - 60:00

% Time on Ice - Panthers

Lines # - Real PCT - Wanted PCT - Time Play
Normal Forward
1 - 34% - 40% - 13:22
2 - 28% - 30% - 11:07
3 - 23% - 20% - 9:15
4 - 15% - 10% - 6:07
Normal Defense
1 - 37% - 42% - 14:51
2 - 35% - 36% - 13:58
3 - 28% - 22% - 11:02
4 - 0% - 0% - 0:00
PP Forward
1 - 59% - 60% - 6:59
2 - 41% - 40% - 4:55
PP Defense
1 - 61% - 60% - 7:19
2 - 39% - 40% - 4:35
PK Forward
1 - 64% - 60% - 5:06
2 - 36% - 40% - 2:50
PK Defense
1 - 48% - 50% - 3:50
2 - 52% - 50% - 4:06
PK3 Forward
1 - 0% - 60%
2 - 0% - 40%
PK3 Defense
1 - 0% - 50%
2 - 0% - 50%
44 Forward
1 - 0% - 60%
2 - 0% - 40%
44 Defense
1 - 0% - 60%
2 - 0% - 40%
Last Minute Offensive  - 0:19
Last Minute Defensive  - 0:00
Total
Forward - 60:00
Defense - 60:00

Play-by-Play

1st period


0:01 of 1st period - Tyler Seguin wins face-off versus Nazem Kadri in neutral zone.
0:16 of 1st period - Shot by Craig Smith.
0:16 of 1st period - Shot Misses the Net.
0:18 of 1st period - Shot by Craig Smith.
0:18 of 1st period - Deflect By Nazem Kadri.
0:18 of 1st period - Stopped by Devan Dubnyk without a rebound.
0:19 of 1st period - Joe Thornton wins face-off versus Nolan Patrick in Panthers zone.
0:19 of 1st period - Minor Penalty to Leo Komarov for Elbowing.
0:20 of 1st period - Nazem Kadri wins face-off versus Matthew Tkachuk in MapleLeafs zone.
0:38 of 1st period - Shot by Drew Doughty.
0:38 of 1st period - Stopped by Marc-Andre Fleury without a rebound.
0:39 of 1st period - Joe Thornton wins face-off versus Craig Smith in MapleLeafs zone.
0:43 of 1st period - Nikolaj Ehlers is hit by Brent Seabrook and loses puck.
0:54 of 1st period - Shot by Logan Couture.
0:54 of 1st period - Stopped by Marc-Andre Fleury without a rebound.
0:55 of 1st period - Tyler Seguin wins face-off versus Craig Smith in MapleLeafs zone.
0:56 of 1st period - Shot by Drew Doughty.
0:56 of 1st period - Shot Blocked by Brent Seabrook.
1:06 of 1st period - Shot by Blake Wheeler.
1:06 of 1st period - Shot Misses the Net.
1:38 of 1st period - Shot by Drew Doughty.
1:38 of 1st period - Stopped by Marc-Andre Fleury without a rebound.
1:39 of 1st period - Nazem Kadri wins face-off versus Joe Thornton in MapleLeafs zone.
2:11 of 1st period - Brent Seabrook is hit by Nikolaj Ehlers and loses puck.
2:49 of 1st period - Off-side.
2:50 of 1st period - Peter Holland wins face-off versus Luke Glendening in neutral zone.
2:50 of 1st period - Minor Penalty to Joel Armia for Hooking.
2:51 of 1st period - Nazem Kadri wins face-off versus Luke Glendening in Panthers zone.
4:43 of 1st period - Shot by Patrick Marleau.
4:43 of 1st period - Stopped by Devan Dubnyk without a rebound.
4:44 of 1st period - Luke Glendening wins face-off versus Nolan Patrick in Panthers zone.
5:00 of 1st period - Shot by Matthew Tkachuk.
5:00 of 1st period - Deflect By Nikolaj Ehlers.
5:00 of 1st period - Shot Misses the Net.
5:02 of 1st period - Shot by Nikolaj Ehlers.
5:02 of 1st period - Shot Blocked by Radko Gudas.
5:07 of 1st period - Icing by Radko Gudas.
5:08 of 1st period - Peter Holland wins face-off versus Tyler Seguin in MapleLeafs zone.
7:05 of 1st period - Off-side.
7:06 of 1st period - Luke Glendening wins face-off versus Nazem Kadri in neutral zone.
7:11 of 1st period - Shot by Luke Glendening.
7:11 of 1st period - Stopped by Marc-Andre Fleury with a rebound.
7:14 of 1st period - Icing by Nazem Kadri.
7:15 of 1st period - Tyler Seguin wins face-off versus Nazem Kadri in MapleLeafs zone.
7:16 of 1st period - Shot by Charlie McAvoy.
7:16 of 1st period - Shot Misses the Net.
7:44 of 1st period - Shot by Tyler Seguin.
7:44 of 1st period - Shot Misses the Net.
8:11 of 1st period - Off-side.
8:12 of 1st period - Peter Holland wins face-off versus Patrik Laine in neutral zone.
8:15 of 1st period - Shot by Beau Bennett.
8:15 of 1st period - Shot Misses the Net.
8:19 of 1st period - Shot by Peter Holland.
8:19 of 1st period - Shot Blocked by Drew Doughty.
8:33 of 1st period - Shot by Cal Clutterbuck.
8:33 of 1st period - Shot Blocked by T.J. Brodie.
8:35 of 1st period - Shot by Cal Clutterbuck.
8:35 of 1st period - Stopped by Devan Dubnyk without a rebound.
8:36 of 1st period - Joe Thornton wins face-off versus Nolan Patrick in Panthers zone.
9:11 of 1st period - Icing by Andy Greene.
9:12 of 1st period - Nazem Kadri wins face-off versus Joe Thornton in Panthers zone.
9:22 of 1st period - Shot by Patrick Marleau.
9:22 of 1st period - Stopped by Devan Dubnyk without a rebound.
9:23 of 1st period - Tyler Seguin wins face-off versus Peter Holland in Panthers zone.
11:00 of 1st period - Icing by Travis Hamonic.
11:01 of 1st period - Joe Thornton wins face-off versus Peter Holland in MapleLeafs zone.
11:16 of 1st period - Shot by Nikolaj Ehlers.
11:16 of 1st period - Deflect By Matthew Tkachuk.
11:16 of 1st period - Stopped by Marc-Andre Fleury without a rebound.
11:17 of 1st period - Luke Glendening wins face-off versus Nazem Kadri in MapleLeafs zone.
12:40 of 1st period - Shot by Logan Couture.
12:40 of 1st period - Deflect By Tyler Seguin.
12:40 of 1st period - Stopped by Marc-Andre Fleury without a rebound.
12:41 of 1st period - Nolan Patrick wins face-off versus Joe Thornton in MapleLeafs zone.
12:41 of 1st period - Nolan Patrick is hit by Nikolaj Ehlers.
12:59 of 1st period - Joe Thornton is hit by Leo Komarov and loses puck.
13:03 of 1st period - Andy Greene is hit by Leo Komarov and loses puck.
13:14 of 1st period - Matthew Tkachuk is hit by Nolan Patrick and loses puck.
13:59 of 1st period - Shot by Zack Kassian.
13:59 of 1st period - Stopped by Devan Dubnyk without a rebound.
14:00 of 1st period - Nazem Kadri wins face-off versus Blake Wheeler in Panthers zone.
14:35 of 1st period - Icing by Jacob Trouba.
14:36 of 1st period - Tyler Seguin wins face-off versus Peter Holland in Panthers zone.
15:10 of 1st period - Minor Penalty to Alexander Kerfoot for Delaying the game.
15:11 of 1st period - Luke Glendening wins face-off versus Nolan Patrick in Panthers zone.
15:11 of 1st period - Luke Glendening is hit by Leo Komarov.
16:19 of 1st period - Shot by Patrick Marleau.
16:19 of 1st period - Stopped by Devan Dubnyk without a rebound.
16:20 of 1st period - Nazem Kadri wins face-off versus Luke Glendening in Panthers zone.
16:25 of 1st period - Shot by Nazem Kadri.
16:25 of 1st period - Deflect By Patrick Marleau.
16:25 of 1st period - Stopped by Devan Dubnyk without a rebound.
16:26 of 1st period - Luke Glendening wins face-off versus Nolan Patrick in Panthers zone.
16:37 of 1st period - Joel Armia is hit by Nolan Patrick.
16:41 of 1st period - Shot by Leo Komarov.
16:41 of 1st period - Deflect By Alex DeBrincat.
16:41 of 1st period - Stopped by Devan Dubnyk without a rebound.
16:42 of 1st period - Luke Glendening wins face-off versus Nazem Kadri in Panthers zone.
17:18 of 1st period - Minor Penalty to Francois Beauchemin for Interference.
17:19 of 1st period - Leo Komarov wins face-off versus Luke Glendening in Panthers zone.
17:29 of 1st period - Icing by Brent Seabrook.
17:30 of 1st period - Luke Glendening wins face-off versus Nolan Patrick in MapleLeafs zone.
17:49 of 1st period - Shot by Alex DeBrincat.
17:49 of 1st period - Stopped by Devan Dubnyk without a rebound.
17:50 of 1st period - Nazem Kadri wins face-off versus Adam Henrique in Panthers zone.
18:07 of 1st period - Shot by Brandon Montour.
18:07 of 1st period - Stopped by Devan Dubnyk without a rebound.
18:08 of 1st period - Luke Glendening wins face-off versus Nolan Patrick in Panthers zone.
18:23 of 1st period - Shot by Luke Glendening.
18:23 of 1st period - Shot Blocked by Brent Seabrook.
19:55 of 1st period - Shot by Peter Holland.
19:55 of 1st period - Shot Misses the Net.
Goals for this period are 0 for MapleLeafs vs 0 for Panthers.
Shots for this period are 10 for MapleLeafs vs 6 for Panthers.

2nd period


0:01 of 2nd period - Nazem Kadri wins face-off versus Tyler Seguin in neutral zone.
0:03 of 2nd period - Jason Demers is hit by Drew Doughty and loses puck.
1:11 of 2nd period - Minor Penalty to Leo Komarov for Hooking.
1:12 of 2nd period - Joe Thornton wins face-off versus Anthony Duclair in MapleLeafs zone.
1:24 of 2nd period - Icing by Jacob Trouba.
1:25 of 2nd period - Joe Thornton wins face-off versus Anthony Duclair in Panthers zone.
3:29 of 2nd period - Cal Clutterbuck is hit by Francois Beauchemin.
3:31 of 2nd period - Shot by Dmitry Kulikov.
3:31 of 2nd period - Shot Blocked by Francois Beauchemin.
3:35 of 2nd period - Shot by Beau Bennett.
3:35 of 2nd period - Stopped by Devan Dubnyk without a rebound.
3:36 of 2nd period - Adam Henrique wins face-off versus Nolan Patrick in Panthers zone.
3:59 of 2nd period - Shot by Adam Henrique.
3:59 of 2nd period - Shot Misses the Net.
4:04 of 2nd period - Patrik Laine is hit by Radko Gudas and loses puck.
4:24 of 2nd period - Minor Penalty to Radko Gudas for Cross-checking.
4:25 of 2nd period - Nazem Kadri wins face-off versus Joe Thornton in MapleLeafs zone.
4:44 of 2nd period - Shot by Joe Thornton.
4:44 of 2nd period - Stopped by Marc-Andre Fleury without a rebound.
4:45 of 2nd period - Tyler Seguin wins face-off versus Nazem Kadri in MapleLeafs zone.
4:48 of 2nd period - Shot by T.J. Brodie.
4:48 of 2nd period - Stopped by Marc-Andre Fleury without a rebound.
4:49 of 2nd period - Nazem Kadri wins face-off versus Tyler Seguin in MapleLeafs zone.
5:07 of 2nd period - Shot by Blake Wheeler.
5:07 of 2nd period - Shot Blocked by Jason Demers.
5:07 of 2nd period - Jason Demers from MapleLeafs is injured at 5:07 of 2nd period (Lower Body).
5:08 of 2nd period - Joe Thornton wins face-off versus Leo Komarov in MapleLeafs zone.
5:19 of 2nd period - Shot by Jacob Trouba.
5:19 of 2nd period - Stopped by Marc-Andre Fleury without a rebound.
5:20 of 2nd period - Nazem Kadri wins face-off versus Tyler Seguin in MapleLeafs zone.
5:31 of 2nd period - Shot by Matthew Tkachuk.
5:31 of 2nd period - Shot Blocked by Dmitry Kulikov.
5:33 of 2nd period - Shot by T.J. Brodie.
5:33 of 2nd period - Stopped by Marc-Andre Fleury without a rebound.
5:34 of 2nd period - Joe Thornton wins face-off versus Craig Smith in MapleLeafs zone.
5:34 of 2nd period - Joe Thornton is hit by Dmitry Kulikov.
5:38 of 2nd period - Shot by Charlie McAvoy.
5:38 of 2nd period - Stopped by Marc-Andre Fleury without a rebound.
5:39 of 2nd period - Tyler Seguin wins face-off versus Nazem Kadri in MapleLeafs zone.
5:54 of 2nd period - Leo Komarov is hit by Blake Wheeler and loses puck.
6:41 of 2nd period - Shot by Patrik Laine.
6:41 of 2nd period - Stopped by Marc-Andre Fleury without a rebound.
6:42 of 2nd period - Nolan Patrick wins face-off versus Luke Glendening in MapleLeafs zone.
7:09 of 2nd period - Shot by Joel Armia.
7:09 of 2nd period - Deflect By Luke Glendening.
7:09 of 2nd period - Shot Misses the Net.
7:11 of 2nd period - Shot by Joel Armia.
7:11 of 2nd period - Shot Misses the Net.
7:31 of 2nd period - Shot by Patrick Marleau.
7:31 of 2nd period - Deflect By Craig Smith.
7:31 of 2nd period - Stopped by Devan Dubnyk without a rebound.
7:32 of 2nd period - Tyler Seguin wins face-off versus Nazem Kadri in Panthers zone.
7:45 of 2nd period - Shot by Logan Couture.
7:45 of 2nd period - Stopped by Marc-Andre Fleury without a rebound.
7:46 of 2nd period - Peter Holland wins face-off versus Joe Thornton in MapleLeafs zone.
8:01 of 2nd period - Shot by Brandon Montour.
8:01 of 2nd period - Stopped by Devan Dubnyk without a rebound.
8:02 of 2nd period - Tyler Seguin wins face-off versus Nazem Kadri in Panthers zone.
8:02 of 2nd period - Drew Doughty is hit by Nazem Kadri and loses puck.
8:11 of 2nd period - Shot by Blake Wheeler.
8:11 of 2nd period - Shot Misses the Net.
9:07 of 2nd period - Shot by Nolan Patrick.
9:07 of 2nd period - Stopped by Devan Dubnyk without a rebound.
9:08 of 2nd period - Beau Bennett wins face-off versus Adam Henrique in Panthers zone.
9:08 of 2nd period - Cal Clutterbuck is hit by Francois Beauchemin.
9:15 of 2nd period - Cal Clutterbuck is hit by Francois Beauchemin and loses puck.
10:32 of 2nd period - Nazem Kadri is hit by Charlie McAvoy and loses puck.
11:58 of 2nd period - Shot by Nazem Kadri.
11:58 of 2nd period - Stopped by Devan Dubnyk without a rebound.
11:59 of 2nd period - Adam Henrique wins face-off versus Peter Holland in Panthers zone.
13:00 of 2nd period - Travis Hamonic is hit by Patrik Laine and loses puck.
13:10 of 2nd period - Off-side.
13:11 of 2nd period - Joe Thornton wins face-off versus Nazem Kadri in neutral zone.
13:30 of 2nd period - Shot by Joe Thornton.
13:30 of 2nd period - Stopped by Marc-Andre Fleury without a rebound.
13:31 of 2nd period - Tyler Seguin wins face-off versus Nazem Kadri in MapleLeafs zone.
13:32 of 2nd period - Shot by Logan Couture.
13:32 of 2nd period - Shot Blocked by Radko Gudas.
13:35 of 2nd period - Minor Penalty to Brent Seabrook for Roughing.
13:36 of 2nd period - Tyler Seguin wins face-off versus Nazem Kadri in MapleLeafs zone.
13:39 of 2nd period - Shot by Blake Wheeler.
13:39 of 2nd period - Shot Blocked by Brandon Montour.
13:41 of 2nd period - Shot by Tyler Seguin.
13:41 of 2nd period - Stopped by Marc-Andre Fleury with a rebound.
14:39 of 2nd period - Logan Couture is hit by Patrick Marleau and loses puck.
14:48 of 2nd period - Radko Gudas is hit by Joe Thornton and loses puck.
15:15 of 2nd period - Shot by Leo Komarov.
15:15 of 2nd period - Stopped by Devan Dubnyk without a rebound.
15:16 of 2nd period - Tyler Seguin wins face-off versus Patrick Marleau in Panthers zone.
15:29 of 2nd period - Shot by Tyler Seguin.
15:29 of 2nd period - Shot Misses the Net.
15:35 of 2nd period - Shot by Tyler Seguin.
15:35 of 2nd period - Stopped by Marc-Andre Fleury without a rebound.
15:36 of 2nd period - Nolan Patrick wins face-off versus Adam Henrique in MapleLeafs zone.
15:40 of 2nd period - Leo Komarov is hit by Andy Greene and loses puck.
16:12 of 2nd period - Adam Henrique is hit by Brent Seabrook and loses puck.
16:30 of 2nd period - Icing by Jacob Trouba.
16:31 of 2nd period - Peter Holland wins face-off versus Luke Glendening in Panthers zone.
16:35 of 2nd period - Icing by Charlie McAvoy.
16:36 of 2nd period - Luke Glendening wins face-off versus Nazem Kadri in Panthers zone.
16:36 of 2nd period - Luke Glendening is hit by Patrick Marleau.
17:40 of 2nd period - Icing by Cal Clutterbuck.
17:41 of 2nd period - Peter Holland wins face-off versus Nikolaj Ehlers in MapleLeafs zone.
17:43 of 2nd period - Icing by Beau Bennett.
17:44 of 2nd period - Tyler Seguin wins face-off versus Peter Holland in MapleLeafs zone.
18:26 of 2nd period - Off-side.
18:27 of 2nd period - Joe Thornton wins face-off versus Nazem Kadri in neutral zone.
18:35 of 2nd period - Mikhail Sergachev is hit by Charlie McAvoy.
18:58 of 2nd period - Shot by Patrick Marleau.
18:58 of 2nd period - Stopped by Devan Dubnyk without a rebound.
18:59 of 2nd period - Adam Henrique wins face-off versus Nolan Patrick in Panthers zone.
19:15 of 2nd period - Icing by Brandon Montour.
19:16 of 2nd period - Nolan Patrick wins face-off versus Tyler Seguin in MapleLeafs zone.
19:20 of 2nd period - Leo Komarov is hit by Drew Doughty and loses puck.
19:31 of 2nd period - Shot by Blake Wheeler.
19:31 of 2nd period - Shot Misses the Net.
19:33 of 2nd period - Shot by T.J. Brodie.
19:33 of 2nd period - Shot Blocked by Brandon Montour.
Goals for this period are 0 for MapleLeafs vs 0 for Panthers.
Shots for this period are 7 for MapleLeafs vs 10 for Panthers.

3rd period


0:01 of 3rd period - Tyler Seguin wins face-off versus Nazem Kadri in neutral zone.
0:09 of 3rd period - Minor Penalty to Radko Gudas for Roughing.
0:10 of 3rd period - Tyler Seguin wins face-off versus Nazem Kadri in MapleLeafs zone.
1:31 of 3rd period - Brent Seabrook is hit by Logan Couture and loses puck.
1:38 of 3rd period - Shot by Logan Couture.
1:38 of 3rd period - Shot Misses the Net.
1:40 of 3rd period - Shot by Jacob Trouba.
1:40 of 3rd period - Shot Blocked by Patrick Marleau.
3:18 of 3rd period - Shot by Patrik Laine.
3:18 of 3rd period - Stopped by Marc-Andre Fleury without a rebound.
3:19 of 3rd period - Tyler Seguin wins face-off versus Nolan Patrick in MapleLeafs zone.
3:32 of 3rd period - Shot by Tyler Seguin.
3:32 of 3rd period - Stopped by Marc-Andre Fleury without a rebound.
3:33 of 3rd period - Joe Thornton wins face-off versus Nazem Kadri in MapleLeafs zone.
4:17 of 3rd period - Charlie McAvoy is hit by Nazem Kadri and loses puck.
4:25 of 3rd period - Icing by Charlie McAvoy.
4:26 of 3rd period - Joe Thornton wins face-off versus Nolan Patrick in Panthers zone.
4:26 of 3rd period - Joe Thornton is hit by Leo Komarov.
4:52 of 3rd period - Shot by Leo Komarov.
4:52 of 3rd period - Stopped by Devan Dubnyk with a rebound.
4:56 of 3rd period - Shot by Nolan Patrick.
4:56 of 3rd period - Shot Blocked by T.J. Brodie.
4:58 of 3rd period - Shot by Leo Komarov.
4:58 of 3rd period - Stopped by Devan Dubnyk without a rebound.
4:59 of 3rd period - Adam Henrique wins face-off versus Peter Holland in Panthers zone.
4:59 of 3rd period - Adam Henrique is hit by Beau Bennett.
5:19 of 3rd period - Shot by Alexander Kerfoot.
5:19 of 3rd period - Shot Misses the Net.
5:21 of 3rd period - Shot by Adam Henrique.
5:21 of 3rd period - Shot Misses the Net.
5:23 of 3rd period - Shot by Adam Henrique.
5:23 of 3rd period - Stopped by Marc-Andre Fleury without a rebound.
5:24 of 3rd period - Tyler Seguin wins face-off versus Nazem Kadri in MapleLeafs zone.
5:29 of 3rd period - Shot by Tyler Seguin.
5:29 of 3rd period - Stopped by Marc-Andre Fleury with a rebound.
5:36 of 3rd period - Patrick Marleau is hit by Drew Doughty and loses puck.
5:39 of 3rd period - Shot by Nazem Kadri.
5:39 of 3rd period - Stopped by Devan Dubnyk without a rebound.
5:40 of 3rd period - Nolan Patrick wins face-off versus Luke Glendening in Panthers zone.
5:40 of 3rd period - Leo Komarov is hit by T.J. Brodie.
5:43 of 3rd period - Icing by Drew Doughty.
5:44 of 3rd period - Nazem Kadri wins face-off versus Luke Glendening in Panthers zone.
5:44 of 3rd period - Brandon Montour is hit by Drew Doughty and loses puck.
6:04 of 3rd period - Joel Armia is hit by Travis Hamonic and loses puck.
6:21 of 3rd period - Shot by Joel Armia.
6:21 of 3rd period - Stopped by Marc-Andre Fleury without a rebound.
6:22 of 3rd period - Nolan Patrick wins face-off versus Tyler Seguin in MapleLeafs zone.
7:23 of 3rd period - Shot by Beau Bennett.
7:23 of 3rd period - Stopped by Devan Dubnyk without a rebound.
7:24 of 3rd period - Nazem Kadri wins face-off versus Alexander Kerfoot in Panthers zone.
7:50 of 3rd period - Shot by Nazem Kadri.
7:50 of 3rd period - Shot Misses the Net.
7:52 of 3rd period - Shot by Patrick Marleau.
7:52 of 3rd period - Shot Misses the Net.
7:54 of 3rd period - Shot by Brent Seabrook.
7:54 of 3rd period - Stopped by Devan Dubnyk without a rebound.
7:55 of 3rd period - Beau Bennett wins face-off versus Joe Thornton in Panthers zone.
7:56 of 3rd period - Shot by Cal Clutterbuck.
7:56 of 3rd period - Shot Blocked by Andy Greene.
7:59 of 3rd period - Icing by Andy Greene.
8:00 of 3rd period - Nolan Patrick wins face-off versus Joe Thornton in Panthers zone.
8:03 of 3rd period - Shot by Travis Hamonic.
8:03 of 3rd period - Shot Blocked by Andy Greene.
8:05 of 3rd period - Shot by Travis Hamonic.
8:05 of 3rd period - Shot Misses the Net.
8:07 of 3rd period - Shot by Brandon Montour.
8:07 of 3rd period - Shot Misses the Net.
8:09 of 3rd period - Shot by Alex DeBrincat.
8:09 of 3rd period - Shot Blocked by Andy Greene.
8:11 of 3rd period - Shot by Nolan Patrick.
8:11 of 3rd period - Deflect By Alex DeBrincat.
8:11 of 3rd period - Shot Misses the Net.
8:13 of 3rd period - Shot by Brandon Montour.
8:13 of 3rd period - Stopped by Devan Dubnyk without a rebound.
8:14 of 3rd period - Tyler Seguin wins face-off versus Nazem Kadri in Panthers zone.
8:35 of 3rd period - Shot by Logan Couture.
8:35 of 3rd period - Shot Blocked by Dmitry Kulikov.
8:35 of 3rd period - Dmitry Kulikov from MapleLeafs is injured at 8:35 of 3rd period (Bruised Right Foot).
8:36 of 3rd period - Joe Thornton wins face-off versus Nolan Patrick in MapleLeafs zone.
8:56 of 3rd period - Shot by Matthew Tkachuk.
8:56 of 3rd period - Shot Misses the Net.
8:58 of 3rd period - Shot by Nikolaj Ehlers.
8:58 of 3rd period - Shot Blocked by Travis Hamonic.
9:00 of 3rd period - Shot by Jacob Trouba.
9:00 of 3rd period - Stopped by Marc-Andre Fleury without a rebound.
9:01 of 3rd period - Nazem Kadri wins face-off versus Tyler Seguin in MapleLeafs zone.
9:03 of 3rd period - Icing by Patrick Marleau.
9:04 of 3rd period - Nazem Kadri wins face-off versus Logan Couture in MapleLeafs zone.
9:11 of 3rd period - Shot by Nazem Kadri.
9:11 of 3rd period - Deflect By Craig Smith.
9:11 of 3rd period - Stopped by Devan Dubnyk with a rebound.
9:24 of 3rd period - Nazem Kadri is hit by Drew Doughty and loses puck.
9:27 of 3rd period - Shot by Patrick Marleau.
9:27 of 3rd period - Deflect By Nazem Kadri.
9:27 of 3rd period - Stopped by Devan Dubnyk with a rebound.
9:29 of 3rd period - Shot by Nazem Kadri.
9:29 of 3rd period - Shot Hit the Post.
9:31 of 3rd period - Shot by Nazem Kadri.
9:31 of 3rd period - Goal by Nazem Kadri - MapleLeafs : 1 - Panthers : 0.
9:32 of 3rd period - Joe Thornton wins face-off versus Nolan Patrick in neutral zone.
9:38 of 3rd period - Matthew Tkachuk is hit by Brandon Montour and loses puck.
9:48 of 3rd period - Minor Penalty to Leo Komarov for Holding.
9:49 of 3rd period - Tyler Seguin wins face-off versus Nazem Kadri in MapleLeafs zone.
10:06 of 3rd period - Shot by T.J. Brodie.
10:06 of 3rd period - Shot Misses the Net.
10:08 of 3rd period - Shot by T.J. Brodie.
10:08 of 3rd period - Stopped by Marc-Andre Fleury without a rebound.
10:09 of 3rd period - Joe Thornton wins face-off versus Nazem Kadri in MapleLeafs zone.
10:26 of 3rd period - Shot by Logan Couture.
10:26 of 3rd period - Stopped by Marc-Andre Fleury without a rebound.
10:27 of 3rd period - Tyler Seguin wins face-off versus Craig Smith in MapleLeafs zone.
10:40 of 3rd period - Shot by Matthew Tkachuk.
10:40 of 3rd period - Stopped by Marc-Andre Fleury without a rebound.
10:41 of 3rd period - Joe Thornton wins face-off versus Nazem Kadri in MapleLeafs zone.
11:02 of 3rd period - Shot by Logan Couture.
11:02 of 3rd period - Shot Misses the Net.
11:04 of 3rd period - Shot by Jacob Trouba.
11:04 of 3rd period - Shot Misses the Net.
11:12 of 3rd period - Shot by Logan Couture.
11:12 of 3rd period - Stopped by Marc-Andre Fleury without a rebound.
11:13 of 3rd period - Matthew Tkachuk wins face-off versus Craig Smith in MapleLeafs zone.
11:48 of 3rd period - Patrick Marleau is hit by Alexander Kerfoot.
12:07 of 3rd period - Icing by Brandon Montour.
12:08 of 3rd period - Luke Glendening wins face-off versus Nolan Patrick in MapleLeafs zone.
12:54 of 3rd period - Icing by Mikhail Sergachev.
12:55 of 3rd period - Tyler Seguin wins face-off versus Nazem Kadri in MapleLeafs zone.
13:02 of 3rd period - Shot by Blake Wheeler.
13:02 of 3rd period - Deflect By Tyler Seguin.
13:02 of 3rd period - Shot Blocked by Mikhail Sergachev.
13:15 of 3rd period - Off-side.
13:16 of 3rd period - Beau Bennett wins face-off versus Joe Thornton in neutral zone.
13:25 of 3rd period - Brent Seabrook is hit by Joe Thornton and loses puck.
13:35 of 3rd period - Brent Seabrook is hit by Andy Greene and loses puck.
13:38 of 3rd period - Shot by Peter Holland.
13:38 of 3rd period - Shot Misses the Net.
13:48 of 3rd period - Shot by Peter Holland.
13:48 of 3rd period - Stopped by Devan Dubnyk without a rebound.
13:49 of 3rd period - Nazem Kadri wins face-off versus Tyler Seguin in Panthers zone.
13:49 of 3rd period - Brandon Montour is hit by Drew Doughty and loses puck.
13:58 of 3rd period - Shot by Tyler Seguin.
13:58 of 3rd period - Stopped by Marc-Andre Fleury without a rebound.
13:59 of 3rd period - Tyler Seguin wins face-off versus Nolan Patrick in MapleLeafs zone.
14:38 of 3rd period - Shot by Blake Wheeler.
14:38 of 3rd period - Shot Blocked by Brandon Montour.
14:40 of 3rd period - Shot by Tyler Seguin.
14:40 of 3rd period - Shot Blocked by Leo Komarov.
14:42 of 3rd period - Shot by T.J. Brodie.
14:42 of 3rd period - Shot Misses the Net.
15:23 of 3rd period - Patrick Marleau is hit by Charlie McAvoy and loses puck.
15:25 of 3rd period - Minor Penalty to Jacob Trouba for Tripping.
15:26 of 3rd period - Nazem Kadri wins face-off versus Luke Glendening in Panthers zone.
15:35 of 3rd period - Shot by Nazem Kadri.
15:35 of 3rd period - Shot Misses the Net.
15:37 of 3rd period - Shot by Brent Seabrook.
15:37 of 3rd period - Shot Misses the Net.
15:41 of 3rd period - Shot by Craig Smith.
15:41 of 3rd period - Shot Misses the Net.
15:43 of 3rd period - Shot by Nazem Kadri.
15:43 of 3rd period - Shot Hit the Post.
15:45 of 3rd period - Shot by Radko Gudas.
15:45 of 3rd period - Stopped by Devan Dubnyk with a rebound.
15:55 of 3rd period - Shot by Brent Seabrook.
15:55 of 3rd period - Shot Hit the Post.
16:20 of 3rd period - Luke Glendening is hit by Leo Komarov and loses puck.
17:29 of 3rd period - Icing by Jacob Trouba.
17:30 of 3rd period - Joe Thornton wins face-off versus Nazem Kadri in Panthers zone.
17:57 of 3rd period - Shot by Matthew Tkachuk.
17:57 of 3rd period - Shot Blocked by Travis Hamonic.
17:59 of 3rd period - Shot by Jacob Trouba.
17:59 of 3rd period - Stopped by Marc-Andre Fleury without a rebound.
18:00 of 3rd period - Adam Henrique wins face-off versus Peter Holland in MapleLeafs zone.
18:17 of 3rd period - Shot by Brent Seabrook.
18:17 of 3rd period - Shot Misses the Net.
18:36 of 3rd period - Icing by Drew Doughty.
18:37 of 3rd period - Adam Henrique wins face-off versus Nolan Patrick in Panthers zone.
18:47 of 3rd period - Leo Komarov is hit by Drew Doughty and loses puck.
19:34 of 3rd period - Panthers, Devan Dubnyk is pulled from the net.
19:36 of 3rd period - Shot by Blake Wheeler.
19:36 of 3rd period - Goal by Blake Wheeler - MapleLeafs : 1 - Panthers : 1.
19:36 of 3rd period - Devan Dubnyk from Panthers was sent back in the game.
19:37 of 3rd period - Luke Glendening wins face-off versus Nazem Kadri in neutral zone.
19:42 of 3rd period - Radko Gudas is hit by Joel Armia and loses puck.
Goals for this period are 1 for MapleLeafs vs 1 for Panthers.
Shots for this period are 11 for MapleLeafs vs 13 for Panthers.

Overtime #1


0:01 of 1st overtime period - Tyler Seguin wins face-off versus Nazem Kadri in neutral zone.
0:14 of 1st overtime period - Shot by Blake Wheeler.
0:14 of 1st overtime period - Stopped by Marc-Andre Fleury without a rebound.
0:15 of 1st overtime period - Nazem Kadri wins face-off versus Tyler Seguin in MapleLeafs zone.
0:21 of 1st overtime period - Icing by Brent Seabrook.
0:22 of 1st overtime period - Nazem Kadri wins face-off versus Tyler Seguin in MapleLeafs zone.
0:29 of 1st overtime period - Shot by Nazem Kadri.
0:29 of 1st overtime period - Stopped by Devan Dubnyk without a rebound.
0:30 of 1st overtime period - Nazem Kadri wins face-off versus Tyler Seguin in Panthers zone.
0:37 of 1st overtime period - Shot by Nazem Kadri.
0:37 of 1st overtime period - Stopped by Devan Dubnyk without a rebound.
0:38 of 1st overtime period - Tyler Seguin wins face-off versus Nazem Kadri in Panthers zone.
0:45 of 1st overtime period - Icing by Drew Doughty.
0:46 of 1st overtime period - Nazem Kadri wins face-off versus Tyler Seguin in Panthers zone.
0:59 of 1st overtime period - Shot by Nazem Kadri.
0:59 of 1st overtime period - Shot Misses the Net.
1:01 of 1st overtime period - Shot by Patrick Marleau.
1:01 of 1st overtime period - Stopped by Devan Dubnyk without a rebound.
1:02 of 1st overtime period - Nazem Kadri wins face-off versus Tyler Seguin in Panthers zone.
1:07 of 1st overtime period - Shot by Patrick Marleau.
1:07 of 1st overtime period - Stopped by Devan Dubnyk without a rebound.
1:08 of 1st overtime period - Nazem Kadri wins face-off versus Tyler Seguin in Panthers zone.
1:31 of 1st overtime period - Shot by Patrick Marleau.
1:31 of 1st overtime period - Stopped by Devan Dubnyk without a rebound.
1:32 of 1st overtime period - Tyler Seguin wins face-off versus Leo Komarov in Panthers zone.
1:55 of 1st overtime period - Shot by Blake Wheeler.
1:55 of 1st overtime period - Stopped by Marc-Andre Fleury with a rebound.
2:38 of 1st overtime period - Shot by Patrick Marleau.
2:38 of 1st overtime period - Goal by Patrick Marleau - MapleLeafs : 2 - Panthers : 1.
Goals for this period are 1 for MapleLeafs vs 0 for Panthers.
Shots for this period are 6 for MapleLeafs vs 2 for Panthers.